 Dungeon Crawl Stone Soup version 0.31.0-12-g77e489cdc1 (webtiles) character file.

Game seed: 13838891733897110030

86 Silvore the Trooper (level 4, -4/32 (35) HPs)
             Began as a Demonspawn Fighter on Feb 14, 2024.
             Slain by an orc priest
             ... wielding a +0 trident
              (8 damage)
             ... on level 3 of the Dungeon.
             The game lasted 00:02:11 (1780 turns).

Silvore the Trooper (Demonspawn Fighter)            Turns: 1780, Time: 00:02:11

HP:   -4/32 (35)    AC: 15    Str: 18    XL:     4   Next: 26%
MP:   4/4           EV:  5    Int:  8    God:
Gold: 64            SH:  0    Dex: 15    Spells: 3/3 levels left

rFire   . . .        a - +0 long sword
rCold   . . .        c - +0 buckler
rNeg    . . .        l - +0 plate armour
rPois   .            h - +0 helmet
rElec   .            o - +1 cloak {Stlth+}
rCorr   .            k - +0 pair of gloves
SInv    .            (no boots)
Will    .....        (no amulet) Stlth
                     (no ring)
HPRegen 0.25/turn    (no ring)
MPRegen 0.09/turn

%: no passive effects
@: confused, drained
A: thin skeletal structure 1, condensation shield, weakness stinger 1
a: no special abilities


You were on level 3 of the Dungeon.
You visited 1 branch of the dungeon, and saw 3 of its levels.

You collected 64 gold pieces.

Inventory:

Hand Weapons
 a - a +0 long sword (weapon)
Armour
 b - a +0 scale mail
 c - a +0 buckler (worn)
 h - a +0 helmet (worn)
 k - a +0 pair of gloves (worn)
 l - a +0 plate armour (worn)
 o - a +1 cloak of stealth (worn)
Scrolls
 g - a scroll of summoning {unknown}
Potions
 d - a potion of might
 e - a potion of invisibility {unknown}
 f - a potion of curing
 i - a potion of resistance {unknown}
 j - 2 potions of enlightenment
 m - a potion of haste {unknown}
 n - a potion of attraction {unknown}


   Skills:
 + Level 3.4 Fighting
 + Level 2.7 Long Blades
 + Level 3.2 Armour
 + Level 0.2 Dodging
 + Level 3.3 Shields


You had 3 spell levels left.
You didn't know any spells.
Your spell library was empty.

Dungeon Overview and Level Annotations

Branches:
Dungeon (3/15)

Altars:


Innate Abilities, Weirdness & Mutations

You have a somewhat thin skeletal structure. (Dex +2, Stealth+)
A meltable shield of frost defends you. (SH +0)
You have a small tail.


Message History

An orc priest comes into view. It is wielding a +0 trident.
You block the orc's attack.
You hear some strange, mumbled words.
A puff of flame appears from out of thin air!
The puff of flame hits you!
Your condensation shield dissipates!
The orc hits you with a +0 war axe! Something hits you but does no damage.
You feel drained. The orc hits you but does no damage.
You barely miss the orc. The orc hits you but does no damage. x2
You hear some strange, mumbled words.
A puff of flame appears from out of thin air!
The puff of flame hits you but does no damage.
You hit the orc.
The orc is almost dead.
The orc hits you but does no damage. x2
You hit the orc.
You kill the orc!
The orc hits you but does no damage.
You hear some strange, mumbled words.
You are confused.
The orc hits you with a +0 dagger.
You hear some strange, mumbled words.
A puff of flame appears from out of thin air!
The puff of flame hits you but does no damage.
The orc priest hits you from afar with a +0 trident.
* * * LOW HITPOINT WARNING * * *
You're too confused to move!
The orc priest barely misses you. The orc hits you but does no damage.
Something hits you.
* * * LOW HITPOINT WARNING * * *
You feel drained.
* * * LOW HITPOINT WARNING * * *
The orc priest hits you from afar with a +0 trident.
* * * LOW HITPOINT WARNING * * *
The orc attacks as it pursues you! The orc hits you but does no damage.
Items here: )) [ †.
Unknown command.
You're too confused to move!
The orc hits you but does no damage. Something hits you but does no damage.
You feel drained.
The orc priest hits you from afar with a +0 trident!
You die...

### #.# ..# #######.##
.........# .........
.......o##########. #...
..#.....o..........
#.............@##......#.
#........................
#.#......................
#............#...?.......
#......#.....#...........
#....#.#.....####........
#....†.#.....##..........
######.#.....##..........
..............##..........


You could see an orc priest and an orc.

Vanquished Creatures
  Crazy Yiuf (D:2)
  An adder (D:2)
  2 ribbon worms (D:2)
  2 orcs (D:3)
  3 ball pythons
  3 bats (D:2)
  2 endoplasms
  3 giant cockroaches
  4 hobgoblins
  4 jackals (D:1)
  5 kobolds
  2 quokkas
  2 frilled lizards (D:1)
  2 goblins
  3 rats (D:1)
39 creatures vanquished.

Notes
Turn   | Place    | Note
-------+----------+-------------------------------------------
     0 | D:1      | Silvore the Demonspawn Fighter began the quest for the Orb.
     0 | D:1      | Reached XP level 1. HP: 18/18 MP: 1/1
   192 | D:1      | Gained mutation: You have a somewhat thin skeletal
                  | structure. (Dex +2, Stealth+) [demonic ancestry]
   192 | D:1      | Reached XP level 2. HP: 24/24 MP: 2/2
   557 | D:1      | You fall into a shaft and drop 1 floor!
   580 | D:2      | Gained mutation: A meltable shield of frost defends you.
                  | (SH +0) [demonic ancestry]
   580 | D:2      | Reached XP level 3. HP: 22/29 MP: 3/3
  1402 | D:2      | Found a runed translucent door.
  1403 | D:2      | Noticed Crazy Yiuf
  1421 | D:2      | Killed Crazy Yiuf
  1422 | D:2      | Gained mutation: You have a small tail. [demonic ancestry]
  1422 | D:2      | Reached XP level 4. HP: 10/35 MP: 0/4
  1780 | D:3      | Slain by an orc priest

Illustrated notes

Levels and vault maps discovered:
D:1:      onia_arrival_mini_maze, layout_rooms
D:2:      layout_rooms, serial_forest, infiniplex_forest_straight_3,
          infiniplex_forest_clump_small, infiniplex_forest_lined_3,
          infiniplex_forest_clump_cross, infiniplex_forest_end_1,
          infiniplex_forest_lined_3_way, infiniplex_forest_end_3,
          infiniplex_forest_fountain, infiniplex_forest_lined_corner,
          uniq_crazy_yiuf_cottage
D:3:      layout_basic, lemuel_crystal_altar

Skill      XL: |  1  2 |
---------------+-------+-----
Armour         | 3 |  3.2
Shields        | 3 |  3.3
Long Blades    | 2 |  2.7
Fighting       | |  3.4
Dodging        | |  0.2

Action                     |  1- 3 |  4- 6 || total
---------------------------+-------+-------++-------
  Melee: Long sword        |   126 |     9 ||   135
         Tailslap          |       |     1 ||     1
    Use: Scroll            |     2 |     1 ||     3
         Potion            |     1 |       ||     1
 Armour: Scale mail        |    62 |       ||    62
         Plate armour      |    25 |    24 ||    49
  Dodge: Dodged            |    43 |     1 ||    44
  Block: Buckler           |    47 |     3 ||    50
